 Dungeon Crawl Stone Soup version 0.25.1-2-g60ff931df9 (webtiles) character file.

Game seed: 8738265376132753885

94 galacticnek0 the Chopper (level 4, -8/44 HPs)
             Began as a Troll Monk on Oct 7, 2020.
             Mangled by an ogre
             ... wielding a +0 giant club
              (23 damage)
             ... on level 4 of the Dungeon.
             The game lasted 00:10:06 (2746 turns).

galacticnek0 the Chopper (Troll Monk)               Turns: 2746, Time: 00:10:07

Health: -8/44      AC:  6    Str: 23 (25) XL:     4   Next: 38%
Magic:  3/3        EV: 10    Int:  5 (6)  God:
Gold:   219        SH:  0    Dex: 11 (13) Spells: 3/3 levels left

rFire    . . .     SeeInvis .   a - +1 hand axe
rCold    . . .     Gourm    +   (no shield)
rNeg     . . .     Faith    .   b - +0 robe
rPois    .         Spirit   .   (helmet restricted)
rElec    .         Reflect  .   (no cloak)
rCorr    .         Harm     .   (gloves unavailable)
MR       .....                  (boots unavailable)
Stlth    ++........             (no amulet)
HPRegen  0.54/turn              g - +6 ring of strength
MPRegen  0.08/turn              (no ring)

@: no status effects
A: large, unfitting armour, claws 3, fast metabolism 3, gourmand, regeneration
1, shaggy fur 1, tough skin 3
a: no special abilities


You were on level 4 of the Dungeon.
You were completely stuffed.

You visited 1 branch of the dungeon, and saw 4 of its levels.

You collected 219 gold pieces.

Inventory:

Hand Weapons
 a - a +1 hand axe (weapon)
Missiles
 i - 29 stones (quivered)
Armour
 b - a +0 robe (worn)
Jewellery
 g - a +6 ring of strength (left claw)
Wands
 k - a wand of polymorph (5)
Scrolls
 d - 4 scrolls of identify
 e - a scroll of teleportation
 j - a scroll of remove curse
Potions
 f - 3 potions of haste
Comestibles
 c - 13 rations
 h - 6 chunks of flesh


   Skills:
 + Level 2.9 Fighting
 + Level 3.3 Axes
 + Level 3.0 Dodging
 + Level 1.2 Stealth


You had 3 spell levels left.
You didn't know any spells.
Your spell library was empty.

Dungeon Overview and Level Annotations

Branches:
Dungeon (4/15)
 Temple: D:4-7

Altars:
Xom


Innate Abilities, Weirdness & Mutations

You are too large for most types of armour.
You have claws for hands.
Your metabolism is lightning-fast.
You like to eat raw meat.
Your natural rate of healing is unusually fast.
You are covered in fur. (AC +1)
You have extremely tough skin. (AC +3)


Message History

You barely miss the ogre. The ogre hits you with a +0 giant club!
You hit the ogre.
The ogre is lightly wounded.
The ogre hits you with a +0 giant club!
You hit the ogre.
The ogre is moderately wounded.
The ogre barely misses you.
You slash the ogre!
The ogre is heavily wounded.
The ogre hits you with a +0 giant club!
You hit the ogre but do no damage.
The ogre is heavily wounded.
You hit the ogre.
The ogre is severely wounded.
The ogre closely misses you.
You hit the ogre.
The ogre is almost dead.
The ogre hits you with a +0 giant club!!
Ouch! That really hurt!
You die...

# #
########
###########
........
......O@..#
.#######
#########.#
.# #.#
.###### #.#
......# #.#
#####.# #.#
.# #.# #.#
.# #.# #.#
#.# #####
#.#


You could see an ogre.

Vanquished Creatures
  2 adders (D:2)
  2 oozes
  A worm (D:3)
  3 dart slugs (D:1)
  An orc (D:3)
  6 bats
  3 giant cockroaches
  5 goblins
  4 hobgoblins (D:1)
  7 jackals
  A quokka (D:3)
  A ball python (D:1)
  6 frilled lizards
  6 kobolds
  7 rats
55 creatures vanquished.

Notes
Turn   | Place    | Note
-------+----------+-------------------------------------------
     0 | D:1      | galacticnek0 the Troll Monk began the quest for the Orb.
     0 | D:1      | Reached XP level 1. HP: 22/22 MP: 0/0
    88 | D:1      | Reached XP level 2. HP: 20/29 MP: 1/1
   526 | D:1      | Reached XP level 3. HP: 36/36 MP: 2/2
  1995 | D:3      | Reached XP level 4. HP: 42/44 MP: 3/3
  2069 | D:3      | Found a shimmering altar of Xom.
  2736 | D:4      | Noticed an ogre
  2746 | D:4      | Mangled by an ogre

Illustrated notes

Levels and vault maps discovered:
D:1:      minmay_arrival_nine_rooms, layout_basic, serial_corexii_hall,
          chequers_hall_statues_y, corexii_hall_statues_x
D:2:      layout_basic, mrwooster_statue_mirror
D:3:      layout_basic, xom_teletrap_fun, first_ration
D:4:      layout_loops_ring, serial_bayou_pond_e

Skill      XL: |  1  2  3  4 |
---------------+-------------+-----
Axes           | 3 |  3.3
Dodging        | 3 |  3.0
Fighting       | |  2.9
Stealth        | |  1.2

Action                   |  1- 3 |  4- 6 || total
-------------------------+-------+-------++-------
Melee: Hand axe          |   116 |    59 ||   175
  Use: Scroll            |     4 |     2 ||     6
       Potion            |     2 |     1 ||     3
 Stab: Sleeping          |     5 |     1 ||     6
  Eat: Chunk             |    22 |     9 ||    31
Armor: Robe              |    79 |    28 ||   107
Dodge: Dodged            |    75 |    37 ||   112
